 Dungeon Crawl Stone Soup version 0.26.1-11-gd32895ea62 (webtiles) character file.

Game seed: 12025971517562450863

13036 Tirrikindir the Carver (level 11, -5/141 HPs)
             Began as a Minotaur Berserker on June 16, 2021.
             Was a High Priest of Trog.
             Killed from afar by an acid dragon (9 damage)
             ... with a splash of acid
             ... on level 11 of the Dungeon.
             The game lasted 00:26:14 (10174 turns).

Tirrikindir the Carver (Minotaur Berserker)        Turns: 10174, Time: 00:26:15

Health: -5/141     AC: 16    Str: 31    XL:     11   Next: 70%
Magic:  10/10      EV: 15    Int:  4    God:    Trog [*****.]
Gold:   522        SH:  0    Dex: 10    Spells: 10/10 levels left

rFire    + . .     SeeInvis +   p - +4 triple sword (vorpal)
rCold    . . .     Faith    .   (shield currently unavailable)
rNeg     . . .     Spirit   .   r - +2 ring mail "Seifo" {Will++}
rPois    +         Reflect  .   (helmet restricted)
rElec    +         Harm     .   G - +1 cloak of the Unseen Realm {rElec Stlth+}
rCorr    .         Rampage  .   c - +1 pair of gloves
Will     ++...                  f - +2 pair of boots
Stlth    ..........             (no amulet)
HPRegen  0.33/turn              E - ring of see invisible
MPRegen  0.12/turn              s - +6 ring of strength

@: berserking (expiring), corroded, very quick
A: retaliatory headbutt, horns 2, icy blue scales 1, fire resistance 1, sense
surroundings 1, poison resistance, no potion heal 1, subdued magic 1
a: Renounce Religion, Berserk, Trog's Hand, Brothers in Arms


You were on level 11 of the Dungeon.
You worshipped Trog.
Trog was extremely pleased with you.
You visited 2 branches of the dungeon, and saw 12 of its levels.

You collected 574 gold pieces.
You spent 52 gold pieces at shops.

Inventory:

Hand Weapons
 p - a +4 vorpal triple sword (weapon)
 D - a +2 short sword of venom
Missiles
 k - 22 boomerangs (quivered)
Armour
 c - a +1 pair of gloves (worn)
 f - a +2 pair of boots (worn)
 r - the +2 ring mail "Seifo" (worn) {Will++}
   (You found it on level 4 of the Dungeon)

   It affects your willpower, your defense against some magical effects.
 G - the +1 cloak of the Unseen Realm (worn) {rElec Stlth+}
   (You found it on level 9 of the Dungeon)

   It insulates you from electricity.
   It makes you more stealthy.
Jewellery
 o - an uncursed ring of willpower
 s - a +6 ring of strength (right hand)
 w - an uncursed ring of resist corrosion
 y - a +4 ring of protection
 B - an uncursed ring of magical power
 E - a ring of see invisible (left hand)
Wands
 a - a wand of flame (29)
 e - a wand of paralysis (9)
 g - a wand of iceblast (9)
 u - a wand of enslavement (11)
 z - a wand of digging (15)
Scrolls
 b - 3 scrolls of teleportation
 d - a scroll of fog
 h - 4 scrolls of remove curse
 j - a scroll of fear
 q - a scroll of immolation
 v - 2 scrolls of enchant weapon
 x - 2 scrolls of holy word
 A - a scroll of enchant armour
 C - 4 scrolls of identify
Potions
 i - a potion of might
 l - a potion of invisibility
 m - 2 potions of haste
 n - 3 potions of heal wounds
 t - 3 potions of curing
 F - a potion of flight


   Skills:
 + Level 7.9 Fighting
 * Level 13.3 Long Blades
 * Level 11.3 Armour
 - Level 9.0 Dodging
 + Level 6.5 Evocations


You had 10 spell levels left.
You didn't know any spells.
Your spell library was empty.

Dungeon Overview and Level Annotations

Branches:
Dungeon (11/15)            Temple (1/1) D:4            Lair (0/6) D:10
    Orc: D:9-12

Altars:
Ashenzari
Cheibriados
Dithmenos
Elyvilon
Fedhas
Gozag
Hepliaklqana
Kikubaaqudgha
Makhleb
Nemelex Xobeh
Okawaru
Qazlal
Ru
Sif Muna
Trog
Uskayaw
Vehumet
Wu Jian
Xom
Yredelemnul
Zin
The Shining One

Shops:
D:4 [   D:6 !


Innate Abilities, Weirdness & Mutations

You reflexively headbutt those who attack you in melee.
You have a pair of horns on your head.
You are partially covered in icy blue scales. (AC +2)
Your flesh is heat resistant. (rF+)
You passively map a small area around you.
Your system is resistant to poisons. (rPois)
Potions are less effective at restoring your health.
Your spells are a little easier to cast, but a little less powerful.


Message History

The acid dragon roars!
You hit the acid dragon.
The acid dragon is lightly wounded.
The acid dragon spits acid at you. The splash of acid hits you!
* * * LOW HITPOINT WARNING * * *
You are splashed with acid!
* * * LOW HITPOINT WARNING * * *
You slice the acid dragon!!
You kill the acid dragon!
Trog accepts your kill.
The acid dragon scales are intact enough to wear.
The skeletal warrior closely misses you.
You riposte.
You hit the skeletal warrior but do no damage.
You headbutt the skeletal warrior!!
The skeletal warrior is moderately damaged.
The acid dragon spits acid at you. The splash of acid hits you!
You die...

.....## * * ......., *
* .....# * , , .....# ,
, * ...### , * ,, * #
...### #. ,** ###.# , *
.....##... , ....# , *
, ...#....#########zz.#
(.....###..##...@[D.#
#...###[.#....#####..#,
, ..###..#.....## , **
# ###..#...#...# * , ,
...#...#...#.#,,* * *
###..#...#.#.#, ,
..###..#...#.# ,,* *,
....###..#.#..** ,
..... ###..##. ,, **


You could see 2 skeletal warriors and an acid dragon (catching breath).

Vanquished Creatures
  2 two-headed ogres
  2 skeletal warriors (D:11)
  An unseen horror (D:10)
  A cyclops (D:11)
  An ugly thing (D:11)
  Joseph (D:7)
  Maurice (D:8)
  A kobold demonologist (D:8)
  A komodo dragon (D:10)
  3 trolls
  The ghost of Ekaitz the Insei, an amateur OpTm (D:3)
  7 yaks
  Menkaure (D:7)
  2 acid dragons (D:11)
  A water moccasin (D:8)
  A hornet zombie (D:7)
  4 orc warriors
  2 black bears
  An ice beast (D:5)
  A phantom (D:4)
  2 sky beasts
  3 ogres
  2 centaurs
  11 big kobolds
  7 bullfrogs
  A gnoll sergeant (D:10)
  2 scorpions
  14 killer bees
  8 wights
  2 howler monkeys (D:9)
  3 bullfrog zombies
  A centaur zombie (D:9)
  A centaur skeleton (D:9)
  A bullfrog skeleton (D:10)
  18 orc wizards
  9 orc priests
  13 hounds
  A jelly (D:8)
  An iguana (D:4)
  8 worker ants
  A killer bee zombie (D:8)
  A hound zombie (D:8)
  A hound skeleton (D:5)
  16 gnolls
  2 worker ant zombies
  20 adders
  3 shadow imps
  6 white imps
  4 ufetubi
  2 oozes
  2 adder skeletons
  2 adder zombies
  2 worms
  3 dart slugs
  5 leopard geckos
  52 orcs
  4 giant cockroaches
  5 goblins
  8 hobgoblins
  13 jackals
  24 kobolds
  2 quokkas
  A ball python (D:3)
  4 bats
  4 frilled lizards
  A leopard gecko skeleton (D:5)
  A quokka skeleton (D:7)
  8 rats
340 creatures vanquished.

Vanquished Creatures (others)
  3 fungi (D:1)
  46 plants
  A withered plant (D:4)
50 creatures vanquished.

Grand Total: 390 creatures vanquished

Notes
Turn   | Place    | Note
-------+----------+-------------------------------------------
     0 | D:1      | Tirrikindir the Minotaur Berserker began the quest for the
                  | Orb.
     0 | D:1      | Reached XP level 1. HP: 19/19 MP: 0/0
   291 | D:1      | Reached skill level 4 in Long Blades
   291 | D:1      | Reached XP level 2. HP: 27/27 MP: 1/1
   334 | D:1      | You fall into a shaft and drop 1 floor!
   491 | D:2      | Reached XP level 3. HP: 26/33 MP: 2/2
   584 | D:2      | Reached ** piety under Trog
   619 | D:2      | Reached XP level 4. HP: 40/40 MP: 3/3
   687 | D:2      | Reached skill level 5 in Long Blades
  1141 | D:1      | Reached XP level 5. HP: 42/46 MP: 4/4
  1234 | D:1      | Gained mutation: Scrolls take you a little longer to read.
                  | [potion of mutation]
  1234 | D:1      | Gained mutation: You have a pair of large horns on your
                  | head. [potion of mutation]
  1234 | D:1      | Gained mutation: Your spells are a little easier to cast,
                  | but a little less powerful. [potion of mutation]
  1234 | D:1      | Gained mutation: Your system is resistant to poisons.
                  | (rPois) [potion of mutation]
  1776 | D:3      | Found a runed translucent door.
  1778 | D:3      | Noticed Ekaitz's ghost (amateur OpTm)
  1796 | D:3      | Killed Ekaitz's ghost
  1797 | D:3      | Reached skill level 6 in Long Blades
  1797 | D:3      | Reached XP level 6. HP: 42/52 MP: 5/5
  1801 | D:3      | Reached *** piety under Trog
  2046 | D:3      | Reached skill level 7 in Long Blades
  2238 | D:3      | Found a faded altar of an unknown god.
  2327 | D:3      | Found a stormy altar of Qazlal.
  2328 | D:3      | Found a shimmering altar of Xom.
  2329 | D:3      | Found a hide-covered altar of Uskayaw.
  2329 | D:3      | Found a broken altar of Ashenzari.
  2330 | D:3      | Found a radiant altar of Vehumet.
  2800 | D:4      | Reached skill level 5 in Armour
  2800 | D:4      | Reached XP level 7. HP: 59/59 MP: 6/6
  2811 | D:4      | Found Yconed's Armour Shoppe.
  3011 | D:4      | Reached **** piety under Trog
  3012 | D:4      | Reached skill level 8 in Long Blades
  3164 | D:4      | Found a basalt altar of Yredelemnul.
  3287 | D:4      | Found a staircase to the Ecumenical Temple.
  3296 | Temple   | Entered the Ecumenical Temple
  3333 | D:4      | Reached skill level 9 in Long Blades
  3546 | D:4      | Got a polished ring mail
  3556 | D:4      | Identified the +2 ring mail "Seifo" {Will++} (You found it
                  | on level 4 of the Dungeon)
  3675 | D:5      | Entered Level 5 of the Dungeon
  3709 | D:5      | Found a snail-covered altar of Cheibriados.
  3750 | D:5      | Reached XP level 8. HP: 66/66 MP: 7/7
  3890 | D:5      | Reached skill level 10 in Long Blades
  3890 | D:5      | Reached skill level 1 in Evocations
  4071 | D:5      | Lost mutation: Scrolls take you a little longer to read.
                  | [potion of mutation]
  4071 | D:5      | Lost mutation: You have a pair of large horns on your head.
                  | [potion of mutation]
  4071 | D:5      | Gained mutation: You evolve. [potion of mutation]
  4071 | D:5      | Gained mutation: Potions are less effective at restoring
                  | your health. [potion of mutation]
  4071 | D:5      | Gained mutation: Your flesh is heat resistant. (rF+)
                  | [potion of mutation]
  4071 | D:5      | Gained mutation: You are partially covered in icy blue
                  | scales. (AC +2) [potion of mutation]
  4242 | D:5      | Gained mutation: You passively map a small area around you.
                  | [evolution]
  4242 | D:5      | Lost mutation: You evolve. [end of evolution]
  4688 | D:6      | Reached ***** piety under Trog
  4771 | D:6      | Found Ippana's Distillery.
  4804 | D:6      | Bought a potion of curing for 39 gold pieces
  4804 | D:6      | Bought a potion of degeneration for 13 gold pieces
  5166 | D:6      | Reached XP level 9. HP: 62/72 MP: 8/8
  5435 | D:6      | Found an ancient bone altar of Kikubaaqudgha.
  5500 | D:6      | Reached skill level 5 in Dodging
  5761 | D:7      | Noticed Menkaure
  5764 | D:7      | Killed Menkaure
  6401 | D:7      | Found a shadowy altar of Dithmenos.
  6519 | D:7      | Noticed Joseph
  6535 | D:7      | Killed Joseph
  6536 | D:7      | Reached skill level 5 in Fighting
  7061 | D:8      | Noticed a troll
  7068 | D:8      | Killed a troll
  7069 | D:8      | Reached skill level 11 in Long Blades
  7148 | D:8      | Received a gift from Trog
  7151 | D:8      | Got a brightly glowing great sword {god gift}
  7151 | D:8      | Identified the +1 great sword of Levity {vorpal, rElec}
                  | (Trog gifted it to you on level 8 of the Dungeon)
  7182 | D:8      | Noticed a kobold demonologist
  7187 | D:8      | Killed a kobold demonologist
  7188 | D:8      | Reached skill level 5 in Evocations
  7198 | D:8      | Reached XP level 10. HP: 77/82 MP: 9/9
  7523 | D:8      | Noticed Maurice
  7550 | D:8      | Killed Maurice
  8247 | D:9      | Reached skill level 12 in Long Blades
  8274 | D:9      | Got a distressingly furry cloak
  8284 | D:9      | Identified the +1 cloak of the Unseen Realm {rElec Stlth+}
                  | (You found it on level 9 of the Dungeon)
  8369 | D:9      | Received a gift from Trog
  8663 | D:9      | Noticed a two-headed ogre
  8666 | D:9      | Reached skill level 10 in Armour
  8670 | D:9      | Killed a two-headed ogre
  8671 | D:9      | Reached XP level 11. HP: 78/91 MP: 10/10
  8956 | D:10     | Entered Level 10 of the Dungeon
  9116 | D:10     | Noticed an unseen horror
  9122 | D:10     | Killed an unseen horror
  9170 | D:10     | Found a staircase to the Lair.
  9258 | D:10     | Noticed a two-headed ogre
  9261 | D:10     | Killed a two-headed ogre
 10016 | D:11     | Reached skill level 13 in Long Blades
 10156 | D:11     | Noticed a skeletal warrior
 10157 | D:11     | Noticed a skeletal warrior
 10164 | D:11     | Killed a skeletal warrior
 10166 | D:11     | Noticed a skeletal warrior
 10167 | D:11     | Killed a skeletal warrior
 10167 | D:11     | Noticed a skeletal warrior
 10168 | D:11     | Noticed a red ugly thing
 10172 | D:11     | Killed a red ugly thing
 10173 | D:11     | HP: 4/141 [acid (10)]
 10174 | D:11     | Killed from afar by an acid dragon

Illustrated notes

Levels and vault maps discovered:
D:1:      tarquinn_simple_flora_water_f, layout_basic, minmay_hedge_maze
D:2:      layout_basic, amcnicky_mini_corridor_feature
D:3:      layout_loops_corners, grunt_temple_overflow_open,
          chequers_ecumenical_altar_lobes, ebering_ghost_sewer_d
D:4:      layout_rooms, temple_hall, serial_shops, shop,
          yredelemnul_altar_generic
D:5:      minmay_thinvault, layout_cave_pools, basic_altar
D:6:      layout_loops_ring, marbit_many_paths, serial_shops, shop_statue
D:7:      layout_loops_corners, grunt_dithmenos_smoke_and_mirrors, uniq_joseph,
          uniq_menkaure
D:8:      layout_basic, special_room [special_room_kobold], uniq_maurice
D:9:      layout_long_grid, minmay_misc_feat_iff
D:10:     layout_basic, david_lair_shrubbed
D:11:     minmay_the_grid_four_pointed_star
          [minmay_the_grid_triangle_9x9_dagger,
          minmay_the_grid_triangle_9x9_intruding_spiral,
          minmay_the_grid_triangle_9x9_checkered,
          minmay_the_grid_triangle_9x9_sparse_checkered,
          minmay_the_grid_prize_inner_circle], layout_basic, basic_altar
Temple:   nicolae_temple_no_exploring_needed

Skill      XL: |  1  2  3  4  5  6  7  8  9 10 11 |
---------------+----------------------------------+-----
Long Blades    | 4 5 6 7 9 10 11 12 13 | 13.3
Fighting       | 4 5 6 7 |  7.9
Armour         | 3 4 5 6 8 10 11 | 11.3
Dodging        | 3 4 6 8 9 |  9.0
Evocations     | 4 5 6 |  6.5

Action                   |  1- 3 |  4- 6 |  7- 9 | 10-12 || total
-------------------------+-------+-------+-------+-------++-------
Melee: Falchion          |    63 |   131 |   235 |       ||   429
       Headbutt          |     9 |    16 |    81 |    68 ||   174
       Long sword        |       |       |    53 |       ||    53
       Great sword       |       |       |    17 |   120 ||   137
       Triple sword      |       |       |       |   130 ||   130
Throw: Boomerang         |       |       |       |     3 ||     3
Invok: Berserk           |     1 |     6 |     6 |     7 ||    20
Evoke: Wand              |       |       |       |     1 ||     1
  Use: Scroll            |       |     8 |    11 |     1 ||    20
       Potion            |       |     1 |     1 |       ||     2
 Stab: Sleeping          |     1 |       |       |     2 ||     3
Armor: Animal skin       |     4 |       |       |       ||     4
       Ring mail         |    16 |    39 |   135 |   128 ||   318
Dodge: Dodged            |    53 |    82 |   153 |   216 ||   504
       Rpst.: Falchion   |    15 |    13 |    32 |       ||    60
       Great sword       |       |       |     6 |    28 ||    34
       Long sword        |       |       |     6 |       ||     6
       Triple sword      |       |       |       |    21 ||    21
